Map: Romanticide LE

Players

SupaTrollMan - Winner!

  • Race: Terran Terran
  • Spawn Location: 11:00

A.I. 1 (Very Easy)

  • Race: Terran Terran
  • Spawn Location: 5:00

VOD

Have the link to the VOD?

Description

Time

  • Played on: April 4, 2021, 9:12 p.m.
  • Length: 8:33
Show
View Real Time Build Order
Export as new Build Order

SupaTrollMan Terran - Winner!

Build Orders:  

Get SALT Encoding   

  12  0:01  SCV  
  13  0:13  SCV  
  14  0:20  Supply Depot  
  14  0:30  SCV  
  15  0:42  Refinery  
  15  0:44  Barracks  
  15  0:47  SCV  
  16  0:59  SCV  
  17  1:11  SCV  
  18  1:37  Barracks Reactor  
  18  1:40  Command Center  
  19  1:50  Orbital Command  
  18  1:54  Supply Depot  
  18  2:04  Engineering Bay  
  18  2:17  Factory  
  18  2:23  Marine  
  18  2:27  Marine  
  20  2:55  Refinery  
  20  2:59  SCV  
  20  3:00  Marine x2  
  23  3:08  Factory Tech Lab  
  23  3:11  SCV  
  24  3:17  Terran Infantry Weapons Level 1  
  24  3:18  Bunker  
  24  3:24  Orbital Command  
  24  3:26  Marine x2  
  26  3:32  Refinery, SCV  
  26  3:33  Siege Tank  
  30  3:44  SCV  
  31  3:56  SCV  
  31  3:57  Refinery, SCV  
  31  4:02  Marine x2  
  35  4:08  SCV  
  35  4:09  SCV  
  37  4:11  Siege Tank  
  40  4:20  SCV  
  41  4:51  Marine  
  41  4:52  Marine  
  43  4:54  Siege Tank  
  43  4:59  Command Center  
  46  5:14  Supply Depot  
  46  5:18  Supply Depot  
  46  5:25  Supply Depot  
  46  5:36  Marine x2, SCV x2  
  50  5:43  Siege Tank  
  50  5:48  SCV x2  
  55  5:50  Starport  
  55  5:53  Marine x2, Terran Infantry Armor Level 1  
  57  6:00  SCV x2  
  59  6:52  Siege Tank  
  59  6:53  Marine x2  
  64  6:55  Starport Reactor  
  64  7:00  SCV  
  65  7:01  SCV  
  66  7:10  Marine  
  66  7:11  Marine  
  66  7:12  SCV  
  66  7:14  SCV  
  70  7:24  SCV, Siege Tank  
  70  7:26  SCV  
  70  7:28  Refinery, Marine x2  
  77  7:30  Refinery  
  77  7:32  Liberator x2  
  77  7:36  SCV  
  84  7:38  Supply Depot, SCV  
  84  7:40  Supply Depot  
  85  8:00  SCV x2, Siege Tank  
  85  8:02  Supply Depot  
Show
View Real Time Build Order
Export as new Build Order

A.I. 1 (Very Easy) Terran 

Build Orders:  

Get SALT Encoding   

  12  0:00  SCV  
  13  0:13  SCV  
  14  0:18  Supply Depot  
  14  0:37  Refinery  
  14  0:43  Barracks  
  14  1:03  Supply Depot  
  14  1:11  Refinery  
  14  1:29  Marine, SCV  
  16  1:41  SCV  
  17  1:53  SCV  
  18  2:05  SCV  
  18  2:06  Marine  
  20  2:17  SCV  
  21  2:29  SCV  
  22  2:41  Orbital Command  
  22  2:42  Marine  
  23  5:20  SCV  
  23  6:02  Marine  
  23  6:04  SCV  
  23  6:06  Factory  
  23  6:08  Supply Depot  
  22  6:25  SCV  
  19  6:38  SCV  
  14  6:50  SCV  
  14  6:52  Starport  
  10  7:01  Hellion  
  7  7:02  SCV  
  5  7:14  SCV  
  4  7:26  SCV  
  4  7:29  Hellion, Starport Tech Lab  
  3  7:38  SCV  
  3  7:48  Raven  
Tags
 
Matchup
TvT
Race
Terran
Spawn Locations
Cross Positions
Add a new tag
Caveats
  • Supply blocks, unpowered buildings, or Contaminate may cause inaccurate times.
  • Supply counts are checked every 10 seconds.